 Dungeon Crawl Stone Soup version 0.30-a0-329-g85436e0a43 (webtiles) character file.

Game seed: 1289534908458119672

158 purpskrrrp the Ruffian (level 5, -5/45 HPs)
             Began as a Ghoul Fighter on Oct 28, 2022.
             Slain by a gnoll
             ... wielding a +0 halberd
              (10 damage)
             ... on level 4 of the Dungeon.
             The game lasted 00:02:24 (1906 turns).

purpskrrrp the Ruffian (Ghoul Fighter)              Turns: 1906, Time: 00:02:25

Health: -5/45      AC:  6    Str: 22    XL:     5   Next: 39%
Magic:  4/4        EV:  9    Int:  3    God:
Gold:   169        SH:  4    Dex:  8    Spells: 4/4 levels left

rFire   . . .      SeeInvis .      - Unarmed
rCold   + . .      Faith    .    b - +0 buckler
rNeg    + + +      Spirit   .    a - +0 scale mail
rPois   ∞          Reflect  .    (no helmet)
rElec   .          Harm     .    (no cloak)
rCorr   .          Rampage  .    (no gloves)
Will    .....                    (no boots)
Stlth   ..........               (no amulet)
HPRegen 0.00/turn                (no ring)
MPRegen 0.09/turn                (no ring)

@: mighty, inhibited regen
A: claws 1, cold resistance 1, negative energy resistance 3, inhibited
regeneration, torment resistance 2, devour on kill
a: no special abilities


You were on level 4 of the Dungeon.
You visited 1 branch of the dungeon, and saw 4 of its levels.

You collected 169 gold pieces.

Inventory:

Armour
 a - a +0 scale mail (worn)
 b - a +0 buckler (worn)
Jewellery
 f - a ring of protection from cold
 j - an amulet of faith
 l - an amulet of the acrobat
 p - a +6 ring of dexterity
Scrolls
 g - a scroll of summoning {unknown}
 i - a scroll of enchant armour {unknown}
 k - 2 scrolls of teleportation {unknown}
 m - 4 scrolls of blinking {unknown}
 o - a scroll of enchant weapon {unknown}
 q - a scroll of acquirement {unknown}
 s - a scroll of fear {unknown}
Potions
 c - a potion of might
 d - 2 potions of curing {unknown}
 e - a potion of attraction {unknown}
 h - a potion of heal wounds {unknown}
 n - a potion of lignification {unknown}
 r - 2 potions of haste {unknown}


   Skills:
 - Level 3.2 Fighting
 - Level 2.6 Armour
 - Level 2.6 Shields
 + Level 6.0 Unarmed Combat


You had 4 spell levels left.
You didn't know any spells.
Your spell library contained the following spells:

 Spells                   Type           Power      Damage    Failure   Level
 Summon Small Mammal      Summ           0%         N/A       91%         1
 Call Canine Familiar     Summ           0%         N/A       100%        3
 Inner Flame              Hex/Fire       0%         N/A       100%        3
 Ozocubu's Armour         Ice            0%         N/A       100%        3
 Summon Guardian Golem    Hex/Summ       0%         N/A       100%        3
 Flame Wave               Conj/Fire      0%         2d4       100%        4
 Sticky Flame             Conj/Fire      0%         2d3       100%        4
 Ozocubu's Refrigeration  Ice            0%         4d7       100%        7


Dungeon Overview and Level Annotations

Branches:
Dungeon (4/15)
 Temple: D:4-7

Altars:
Dithmenos
Makhleb
Okawaru


Innate Abilities, Weirdness & Mutations

You are immune to poison.
You have sharp fingernails.
Your flesh is cold resistant. (rC+)
You are immune to negative energy. (rN+++)
You do not regenerate when monsters are visible.
You are immune to unholy pain and torment.
You thrive by killing the living.


Message History

You claw the gnoll!
You kill the gnoll!
The gnoll hits you but does no damage. The gnoll closely misses you.
Your Unarmed Combat skill increases to level 6!
The gnoll hits you with a +0 spear.
The gnoll hits you from afar with a +0 halberd!
* * * LOW HITPOINT WARNING * * *
Things that are here:
a +0 flail; a +0 spear; a gnoll corpse You are too injured to fight recklessly!
You are too injured to fight recklessly!
You are too injured to fight recklessly!
You are too injured to fight recklessly!
You are too injured to fight recklessly!
You are too injured to fight recklessly!
You are too injured to fight recklessly!
You are too injured to fight recklessly!
You are too injured to fight recklessly!
You are too injured to fight recklessly!
You are too injured to fight recklessly!
You are too injured to fight recklessly!
You are too injured to fight recklessly!
You are too injured to fight recklessly!
You are too injured to fight recklessly!
You are too injured to fight recklessly!
You are too injured to fight recklessly!
You are too injured to fight recklessly!
You are too injured to fight recklessly!
You are too injured to fight recklessly!
You are too injured to fight recklessly!
You are too injured to fight recklessly!
You are too injured to fight recklessly!
You are too injured to fight recklessly!
You scratch the gnoll but do no damage. The gnoll barely misses you.
The gnoll closely misses you.
You feel very mighty all of a sudden. The gnoll hits you with a +0 spear!
* * * LOW HITPOINT WARNING * * *
The gnoll hits you from afar with a +0 halberd!
You die...

#.# #.# ###
# #.# ....
#.. ...#
..##.#.#
#.#....
#.#..# #
#@#..#.###
#.gg......
#
##......##.
# #.......#
# #..#.##.#
# #..#..#.#
# #..##.#.#
##
#..##.#.#
#.
#.......###
#.


You could see 2 gnolls.

Vanquished Creatures
  A hound (D:4)
  2 gnolls (D:4)
  4 adders
  4 worms
  3 dart slugs (D:1)
  2 orcs
  3 endoplasms
  2 giant cockroaches (D:2)
  5 goblins
  6 hobgoblins
  4 kobolds
  4 quokkas
  4 ball pythons
  6 bats
  2 frilled lizards
  3 rats
55 creatures vanquished.

Notes
Turn   | Place    | Note
-------+----------+-------------------------------------------
     0 | D:1      | purpskrrrp the Ghoul Fighter began the quest for the Orb.
     0 | D:1      | Reached XP level 1. HP: 19/19 MP: 0/0
    79 | D:1      | Found a faded altar of an unknown god.
    82 | D:1      | Reached XP level 2. HP: 23/26 MP: 1/1
    89 | D:1      | Reached skill level 3 in Unarmed Combat
   429 | D:1      | Reached XP level 3. HP: 31/31 MP: 2/2
   770 | D:2      | Reached skill level 4 in Unarmed Combat
   771 | D:2      | Found a shadowy altar of Dithmenos.
   926 | D:2      | Reached XP level 4. HP: 37/38 MP: 3/3
  1340 | D:3      | Reached skill level 5 in Unarmed Combat
  1372 | D:3      | Found an iron altar of Okawaru.
  1734 | D:4      | Found a burning altar of Makhleb.
  1752 | D:4      | Reached XP level 5. HP: 34/45 MP: 4/4
  1903 | D:4      | Reached skill level 6 in Unarmed Combat
  1906 | D:4      | Slain by a gnoll

Illustrated notes

Levels and vault maps discovered:
D:1:      roderic_crossed_star, layout_rooms, hellmonk_ecumenical_altar_blasted,
          corexii_hall_statues_l, minmay_misc_feat_iff, minmay_misc_feat_alley
D:2:      layout_loops_ring, basic_altar, chequers_serial_rivers_room_b
D:3:      layout_rooms, mainiacjoe_overflow_brackets
D:4:      layout_loops_cross, kennysheep_mini, makhleb_heckhound_becter

Skill      XL: |  1  2  3  4  5 |
---------------+----------------+-----
Unarmed Combat | 3 4 5 6 |  6.0
Fighting       | |  3.2
Armour         | |  2.6
Shields        | |  2.6

Action                   |  1- 3 |  4- 6 || total
-------------------------+-------+-------++-------
Melee: Unarmed           |    84 |   103 ||   187
  Use: Potion            |       |     1 ||     1
Armor: Scale mail        |    24 |    39 ||    63
Dodge: Dodged            |    36 |    30 ||    66
Block: Buckler           |    11 |    15 ||    26

Table legend: (Time is in decaauts)
 A = Elapsed time spent in this place.
 B = Non-inter-level travel time spent in this place.
 C = Inter-level travel time spent in this place.
 D = Time resting spent in this place.
 E = Time spent auto-exploring this place.
 F = Levels seen in this place.
 G = Mean time per level.
                   A        B        C        D        E       F      G
               +--------+--------+--------+--------+--------+-----+--------+
         Total |   1901 |   1818 |     83 |      0 |   1440 |   4 |  475.2 |
       Dungeon |   1901 |   1818 |     83 |      0 |   1440 |   4 |  475.2 |
               +--------+--------+--------+--------+--------+-----+--------+

Top non-repeatable levels by time:
     D:1: 661 daAuts
     D:2: 598 daAuts
     D:3: 424 daAuts
     D:4: 216 daAuts
